 Dungeon Crawl Stone Soup version 0.31.0-11-ge490571c62 (webtiles) character file.

Game seed: 17837256868134382546

23 qw the Shooter (level 2, -1/16 HPs)
             Began as a Deep Elf Hunter on Feb 4, 2024.
             Succumbed to their own poison gas
             ... on level 1 of the Dungeon.
             The game lasted 00:00:01 (744 turns).

qw the Shooter (Deep Elf Hunter)                     Turns: 744, Time: 00:00:02

Health: -1/16      AC:  6    Str:  8    XL:     2   Next: 72%
Magic:  4/4        EV:  8    Int: 13    God:
Gold:   78         SH:  0    Dex: 18    Spells: 1/1 levels left

rFire   . . .        a - +0 shortbow
rCold   . . .        (shield currently unavailable)
rNeg    . . .        d - +0 scale mail
rPois   .            (no helmet)
rElec   .            (no cloak)
rCorr   .            (no gloves)
SInv    .            (no boots)
Will    .....        (no amulet)
Stlth   +            (no ring)
HPRegen 0.22/turn    (no ring)
MPRegen 0.09/turn

%: no passive effects
@: lethally poisoned (-1 -> -18)
A: no striking features
a: no special abilities


You were on level 1 of the Dungeon.
You visited 1 branch of the dungeon, and saw 1 of its levels.

You collected 78 gold pieces.


   Skills:
 - Level 1.5 Fighting
 + Level 6.4 Ranged Weapons
 - Level 2.4 Dodging
 - Level 1.2 Stealth


You had one spell level left.
You didn't know any spells.
Your spell library was empty.

Inventory:

Hand Weapons
 a - a +0 shortbow (weapon)
Armour
 d - a +0 scale mail (worn)
Potions
 f - a potion of curing
 h - a potion of brilliance {unknown}

Dungeon Overview and Level Annotations

Branches:
Dungeon (1/15)

Altars:


Message History

You finish taking off your +0 leather armour.
You start putting on your armour.
You continue putting on your +0 scale mail. x5
You finish putting on your +0 scale mail.
735 ||| DROPPING +0 leather armour.
You drop a +0 leather armour.
Done exploring.
736 ||| READING scroll labelled UKHIUDD GOEPS.
As you read the scroll labelled UKHIUDD GOEPS, it crumbles to dust.
You feel strangely unstable.
It was a scroll of teleportation.
You start waiting.
Your surroundings suddenly seem different.
Done exploring.
740 ||| READING scroll labelled SAEMAE OSTRUM.
As you read the scroll labelled SAEMAE OSTRUM, it crumbles to dust.
It is a scroll of identify.
740 ||| IDENTIFYING viscous cyan potion;
f - a potion of curing Done exploring.
741 ||| READING scroll labelled IHIEQU MYOTO.
The air fills with toxic fumes!
As you read the scroll labelled IHIEQU MYOTO, it crumbles to dust.
It was a scroll of poison.
Done exploring.
742 ||| DROPPING scroll of butterflies.
You drop a scroll of butterflies.
Done exploring.
What level of the Dungeon? (default 1, ? - help) Sorry, I don't know how to get there.
Enter note:
Enter note:
Enter note:
Enter note:
Enter note:
Enter note:
Enter note:
Enter note:
Enter note: You are engulfed in poison gas.
You are lethally poisoned!
Ouch! That really hurt!
You feel very sick.
744 ||| Stepping ~*~*~tactically~*~*~ (cloud).
You die...

##### #...##.#
#.##.###.... ##..#
######¤# #.#..# #####
....### #¤#
####.#.######## ......#
#¤# #¤¤............
#.....#
#¤###¤#############
###...### ##¤¤¤¤¤¤...#
#####...# #¤¤¤¤¤####.#
..#####.# #¤¤¤¤¤# #.#
...#..#.## #¤¤@¤¤####.##
.........# #¤¤¤¤¤#...[.#
#....#)..# #¤¤¤¤¤#.....#
####+#...# ###¤¤####.....#
...#.....###.¤¤#.........#
..###.......¤¤¤..........#
#.####...####¤¤..........#
#..# ##+## #............#
##.###..# ####'###.....#


There were no monsters in sight!

Vanquished Creatures
  2 bats (D:1)
  2 endoplasms (D:1)
  3 giant cockroaches (D:1)
  3 goblins (D:1)
  2 hobgoblins (D:1)
  A quokka (D:1)
  3 ball pythons (D:1)
  A frilled lizard (D:1)
  A kobold (D:1)
  A rat (D:1)
19 creatures vanquished.

Notes
Turn   | Place    | Note
-------+----------+-------------------------------------------
     0 | D:1      | qw the Deep Elf Hunter began the quest for the Orb.
     0 | D:1      | Reached XP level 1. HP: 12/12 MP: 3/3
     0 | D:1      | 0 ||| qw: Version: 0.3-a-160-g6735b56
     0 | D:1      | 0 ||| qw: Game counter: 4907
     0 | D:1      | 0 ||| qw: Melee chars always use a shield: true
     0 | D:1      | 0 ||| qw: God list: Okawaru
     0 | D:1      | 0 ||| qw: Allow faded altars: false
     0 | D:1      | 0 ||| qw: Do Orc after clearing Dungeon:15 true
     0 | D:1      | 0 ||| qw: Do second Lair branch before Depths: true
     0 | D:1      | 0 ||| qw: Lair rune preference: random
     0 | D:1      | 0 ||| qw: Goals: Normal
     0 | D:1      | 0 ||| PLANNING D:1-11
    62 | D:1      | Reached XP level 2. HP: 13/16 MP: 4/4
    64 | D:1      | Reached skill level 6 in Ranged Weapons
   725 | D:1      | 725 ||| UPGRADING to +0 scale mail.
   735 | D:1      | 735 ||| DROPPING +0 leather armour.
   736 | D:1      | 736 ||| READING scroll labelled UKHIUDD GOEPS.
   740 | D:1      | 740 ||| READING scroll labelled SAEMAE OSTRUM.
   740 | D:1      | 740 ||| IDENTIFYING viscous cyan potion
   741 | D:1      | 741 ||| READING scroll labelled IHIEQU MYOTO.
   742 | D:1      | 742 ||| DROPPING scroll of butterflies.
   743 | D:1      | HP: 3/16 [poisoned by you (poison gas)]
   744 | D:1      | 744 ||| Stepping ~*~*~tactically~*~*~ (cloud).
   744 | D:1      | Succumbed to their own poison gas

Levels and vault maps discovered:
D:1:      dpeg_arrival_long_road, layout_basic, minmay_tetromino_t4

Skill      XL: |  1  2 |
---------------+-------+-----
Ranged Weapons | 6 |  6.4
Fighting       | |  1.5
Dodging        | |  2.4
Stealth        | |  1.2

Action                     || total
---------------------------++-------
   Fire: Shortbow          ||    40
    Use: Scroll            ||     3
 Armour: Leather armour    ||     9
  Dodge: Dodged            ||    15

Table legend:
 A = Non-vault XP
 B = Vault XP
 C = Vault XP percentage of total XP
 D = Non-vault monster count
 E = Vault monster count
 F = Vault count percentage of total count
                 A         B        C        D         E       F
            +---------+---------+-------+---------+---------+-------
      Total |      26 |       7 |  21.2 |      15 |       4 |  21.1
            +---------+---------+-------+---------+---------+-------
        D:1 |      26 |       7 |  21.2 |      15 |       4 |  21.1
            +---------+---------+-------+---------+---------+-------
